Monarchs vs Rafales
Created - 3 décembre 2015 at 19:03
Goals
|
| Monarchs |
2 |
1 |
0 |
1 |
4 |
| Rafales |
2 |
0 |
1 |
0 |
3 |
|
Shots
|
| Monarchs |
8 |
6 |
10 |
1 |
25 |
| Rafales |
10 |
11 |
7 |
0 |
28 |
|
1st period
1. Rafales , Dmitry Kulikov 2 (Dan Fritsche) at 4:51 (PP)
2. Rafales , Cody McLeod 20 (Ryan Ellis) at 7:45 (SH)
3. Monarchs , Mason Raymond 9 (Mikael Backlund) at 8:16 (PP)
4. Monarchs , Kyle Palmieri 11 (Chris Dingman, Alec Martinez) at 14:48
Penalties :
John Zeiler (MAN) for Holding (Minor) at 4:50, Matt Gilroy (Stf) for Holding Stick (Minor) at 7:07, Mike Sislo (Stf) for Holding (Minor) at 10:00
2nd period
5. Monarchs , Randy Robitaille 14 (John Zeiler) at 19:00
Penalties :
Mike Sislo (Stf) for Tripping (Minor) at 6:30
3rd period
6. Rafales , Ryan Ellis 5 (Matt Gilroy) at 15:32
Penalties :
Jeff Skinner (Stf) for Holding (Minor) at 5:25
Overtime #1
7. Monarchs , Alec Martinez 3 (John Mitchell, Zac Rinaldo) at 4:41
Penalties :
No Penalty
Goalie Stats
Richard Bachman (MAN), 25 saves from 28 shots - (0,893), W, 7-8-0, 64:41 minutes
Eddie Lack (Stf), 21 saves from 25 shots - (0,840), OTL, 3-2-1, 64:41 minutes
Players Stats for Monarchs
Player Name G A P +/- PIM S H SB GA TA FO MP PP MP PK MP
------------------------------------------------------------------------------------
Alec Martinez 1 1 2 1 0 2 0 0 0 0 0/0 21:15 3:30 0:00
Andrej Meszaros 0 0 0 0 0 0 0 2 0 0 0/0 28:58 3:36 0:01
Andy Greene 0 0 0 0 0 1 0 4 0 1 0/0 28:58 3:36 0:01
Chris Dingman 0 1 1 1 0 4 2 0 0 1 0/2 18:24 0:00 0:01
Jay Beagle 0 0 0 0 0 3 1 0 0 0 0/0 15:36 0:00 0:00
John Mitchell 0 1 1 1 0 0 0 0 0 0 0/0 3:12 0:00 0:00
John Zeiler 0 1 1 0 2 1 1 1 0 0 1/2 22:03 4:09 0:00
Jon Merrill 0 0 0 0 0 0 0 1 0 0 0/0 14:28 0:00 0:00
Kyle Clifford 0 0 0 0 0 3 0 1 0 0 0/1 21:58 4:09 0:00
Kyle Palmieri 1 0 1 0 0 3 1 0 0 0 0/0 14:22 2:57 0:00
Marek Zagrapan 0 0 0 0 0 0 3 0 0 0 2/2 9:15 0:00 0:00
Mason Raymond 1 0 1 -1 0 2 0 1 0 0 1/1 19:52 2:57 0:00
Matt Tennyson 0 0 0 0 0 0 0 2 0 1 0/0 14:28 0:00 0:00
Mikael Backlund 0 1 1 -1 0 1 3 2 0 0 6/12 19:52 2:57 0:00
Paul Bissonnette 0 0 0 0 0 0 1 0 0 0 0/0 7:30 0:00 0:00
Randy Robitaille 1 0 1 0 0 3 3 1 1 1 10/24 23:56 4:09 0:01
Theo Peckham 0 0 0 1 0 1 3 1 0 1 0/0 21:15 3:30 0:00
Zac Rinaldo 0 1 1 2 0 1 1 0 0 0 2/5 13:20 0:00 0:00
Players Stats for Rafales
Player Name G A P +/- PIM S H SB GA TA FO MP PP MP PK MP
------------------------------------------------------------------------------------
Cody McLeod 1 0 1 1 0 5 3 3 0 0 2/3 20:36 0:00 2:21
Dan Fritsche 0 1 1 0 0 1 1 0 0 0 5/8 17:45 0:01 2:34
Dmitry Kulikov 1 0 1 -2 0 2 0 1 0 0 0/0 24:13 0:01 0:00
Jeff Skinner 0 0 0 -1 2 0 2 0 0 0 0/0 15:22 0:01 0:15
Johan Ryno 0 0 0 0 0 3 1 0 0 0 0/0 9:41 0:00 0:00
Jonas Junland 0 0 0 0 0 1 0 0 0 0 0/0 21:27 0:00 5:04
Jonathan Rheault 0 0 0 0 0 1 2 0 1 0 2/3 16:19 0:00 0:00
Kevin Veilleux 0 0 0 0 0 0 0 0 1 0 11/20 16:19 0:00 0:00
Marc-André Gragnani 0 0 0 1 0 0 1 0 0 0 0/0 17:56 0:00 2:02
Matt Gilroy 0 1 1 0 2 3 4 1 0 0 0/0 20:22 0:00 1:58
Michael Bournival 0 0 0 -1 0 0 1 0 1 0 1/1 9:37 0:01 0:04
Mike Sislo 0 0 0 -1 4 2 2 1 1 0 0/1 13:56 0:00 0:00
Mike Zigomanis 0 0 0 0 0 3 0 1 0 0 6/12 19:37 0:00 4:26
Milan Bartovic 0 0 0 0 0 3 1 0 0 0 0/0 19:13 0:00 4:26
Petr Kalus 0 0 0 0 0 1 1 0 0 0 0/1 10:16 0:00 0:06
Ryan Ellis 1 1 2 0 0 2 0 1 0 0 0/0 19:55 0:01 0:04
Tim Crowder 0 0 0 -1 0 0 1 1 1 0 0/0 13:32 0:00 0:00
Willie Mitchell 0 0 0 -1 0 1 2 0 0 1 0/0 25:28 0:00 5:04
3 Stars
1 - Cody McLeod (Stf)
2 - Alec Martinez (MAN)
3 - Ryan Ellis (Stf)
Power Play
Monarchs - 1 on 4 Attempt(s) - 25,00%
Rafales - 1 on 1 Attempt(s) - 100,00%
Penalty Kill
Monarchs - 0 on 1 Attempt(s) - 0,00%
- Score 0 goal in Penalty Kill
Rafales - 3 on 4 Attempt(s) - 75,00%
- Score 1 goal in Penalty Kill
Team Stat
Monarchs - Hits : 19 - Faceoff Wins : 22 - Blocked Shots : 16 - Penalty Minutes : 2
Rafales - Hits : 22 - Faceoff Wins : 27 - Blocked Shots : 9 - Penalty Minutes : 8
Official
Referees : Hebert Ghislain and Kowal Tom
Linesman : Tim Nowak and Lyle Seitz
Game Notes
No Game Note
Finance
Level 1 -- Attendance: 1482 (74,10%) -- Ticket Income 51 870 $
Level 2 -- Attendance: 804 (80,40%) -- Ticket Income 12 060 $
Total Attendance: 2286 (76,20%)
Total Ticket Income: 63 930 $
Other Income: 3 196 $
Total Income: 67 126 $
Monarchs
5 vs 5 Forward
Center Left Wing Right Wing Time % Phy DF OF
1 Randy Robitaille Kyle Clifford John Zeiler 40 1 2 2
2 Mikael Backlund Mason Raymond Jay Beagle 30 1 2 2
3 Zac Rinaldo Chris Dingman Kyle Palmieri 20 1 2 2
4 Marek Zagrapan Paul Bissonnette Chris Dingman 10 1 2 2
5 vs 5 Defense
Defense Defense Time % Phy DF OF
1 Andy Greene Andrej Meszaros 40 1 2 2
2 Alec Martinez Theo Peckham 30 1 2 2
3 Matt Tennyson Jon Merrill 20 1 2 2
4 Andy Greene Andrej Meszaros 10 1 2 2
PowerPlay Forward
Center Left Wing Right Wing Time % Phy DF OF
1 Randy Robitaille Kyle Clifford John Zeiler 60 1 2 2
2 Mikael Backlund Mason Raymond Kyle Palmieri 40 1 2 2
PowerPlay Defense
Defense Defense Time % Phy DF OF
1 Andy Greene Andrej Meszaros 60 1 2 2
2 Alec Martinez Theo Peckham 40 1 2 2
Penalty Kill 4 Players Forward
Center Wing Time % Phy DF OF
1 Chris Dingman Randy Robitaille 60 1 2 2
2 Mason Raymond Mikael Backlund 40 1 2 2
Penalty Kill 4 Players Defense
Defense Defense Time % Phy DF OF
1 Andy Greene Andrej Meszaros 60 1 2 2
2 Alec Martinez Theo Peckham 40 1 2 2
Penalty Kill - 3 Players Forward
Forward Time % Phy DF OF
1 Chris Dingman 60 1 2 2
2 Randy Robitaille 40 1 2 2
Penalty Kill - 3 Players Defense
Defense Defense Time % Phy DF OF
1 Andy Greene Andrej Meszaros 60 1 2 2
2 Alec Martinez Theo Peckham 40 1 2 2
4 vs 4 Forward
Center Wing Time % Phy DF OF
1 Chris Dingman Randy Robitaille 60 1 2 2
2 Mason Raymond Mikael Backlund 40 1 2 2
4 vs 4 Defense
Defense Defense Time % Phy DF OF
1 Andy Greene Andrej Meszaros 60 1 2 2
2 Alec Martinez Theo Peckham 40 1 2 2
Last Minutes Offensive
Center Left Wing Right Wing Defense Defense
Randy Robitaille Chris Dingman John Zeiler Andy Greene Andrej Meszaros
Last Minutes Defensive
Center Left Wing Right Wing Defense Defense
Randy Robitaille Chris Dingman John Zeiler Andy Greene Andrej Meszaros
Goaltenders
Starting : Richard Bachman
Backup : Ben Bishop
Extra Forwards
Normal : Zac Rinaldo, John Mitchell, Marek Zagrapan - PP : Zac Rinaldo, John Mitchell - PK : Marek Zagrapan
Extra Defensemen
Normal : Matt Tennyson, Jon Merrill, Alec Martinez - PP : Matt Tennyson - PK : Jon Merrill, Alec Martinez
Penalty Shots
Chris Dingman, Randy Robitaille, Mason Raymond, Mikael Backlund, John Zeiler
Rafales
5 vs 5 Forward
Center Left Wing Right Wing Time % Phy DF OF
1 Kevin Veilleux Cody McLeod Jonathan Rheault 40 0 2 3
2 Dan Fritsche Mike Sislo Tim Crowder 30 0 2 3
3 Mike Zigomanis Jeff Skinner Milan Bartovic 20 0 1 4
4 Petr Kalus Michael Bournival Johan Ryno 10 0 3 2
5 vs 5 Defense
Defense Defense Time % Phy DF OF
1 Willie Mitchell Dmitry Kulikov 40 0 4 1
2 Ryan Ellis Matt Gilroy 30 0 4 1
3 Jonas Junland Marc-André Gragnani 20 0 4 1
4 Dmitry Kulikov Ryan Ellis 10 0 3 2
PowerPlay Forward
Center Left Wing Right Wing Time % Phy DF OF
1 Mike Zigomanis Cody McLeod Milan Bartovic 60 0 1 4
2 Dan Fritsche Jeff Skinner Michael Bournival 40 0 1 4
PowerPlay Defense
Defense Defense Time % Phy DF OF
1 Ryan Ellis Dmitry Kulikov 60 0 2 3
2 Marc-André Gragnani Matt Gilroy 40 0 2 3
Penalty Kill 4 Players Forward
Center Wing Time % Phy DF OF
1 Mike Zigomanis Milan Bartovic 60 0 4 1
2 Cody McLeod Dan Fritsche 40 0 4 1
Penalty Kill 4 Players Defense
Defense Defense Time % Phy DF OF
1 Willie Mitchell Jonas Junland 60 0 5 0
2 Marc-André Gragnani Matt Gilroy 40 0 5 0
Penalty Kill - 3 Players Forward
Forward Time % Phy DF OF
1 Dan Fritsche 60 0 5 0
2 Milan Bartovic 40 0 5 0
Penalty Kill - 3 Players Defense
Defense Defense Time % Phy DF OF
1 Willie Mitchell Jonas Junland 60 0 5 0
2 Marc-André Gragnani Matt Gilroy 40 0 5 0
4 vs 4 Forward
Center Wing Time % Phy DF OF
1 Mike Zigomanis Milan Bartovic 60 0 2 3
2 Cody McLeod Jeff Skinner 40 0 2 3
4 vs 4 Defense
Defense Defense Time % Phy DF OF
1 Ryan Ellis Dmitry Kulikov 60 0 2 3
2 Jonas Junland Matt Gilroy 40 0 2 3
Last Minutes Offensive
Center Left Wing Right Wing Defense Defense
Mike Zigomanis Cody McLeod Milan Bartovic Ryan Ellis Dmitry Kulikov
Last Minutes Defensive
Center Left Wing Right Wing Defense Defense
Dan Fritsche Jeff Skinner Michael Bournival Willie Mitchell Marc-André Gragnani
Goaltenders
Starting : Eddie Lack
Backup : Loïc Lacasse
Extra Forwards
Normal : Cody McLeod, Jeff Skinner, Mike Zigomanis - PP : Cody McLeod, Jeff Skinner - PK : Milan Bartovic
Extra Defensemen
Normal : Dmitry Kulikov, Ryan Ellis, Matt Gilroy - PP : Dmitry Kulikov - PK : Ryan Ellis, Willie Mitchell
Penalty Shots
Mike Zigomanis, Milan Bartovic, Cody McLeod, Dan Fritsche, Jeff Skinner
% Time on Ice - Monarchs
Lines # - Real PCT - Wanted PCT - Time Play
Normal Forward
1 - 35% - 40% - 18:22
2 - 31% - 30% - 16:25
3 - 20% - 20% - 10:36
4 - 14% - 10% - 7:30
Normal Defense
1 - 38% - 40% - 20:11
2 - 30% - 30% - 16:04
3 - 26% - 20% - 13:57
4 - 5% - 10% - 2:41
PP Forward
1 - 58% - 60% - 4:09
2 - 42% - 40% - 2:57
PP Defense
1 - 51% - 60% - 3:36
2 - 49% - 40% - 3:30
PK Forward
1 - 100% - 60% - 0:01
2 - 0% - 40% - 0:00
PK Defense
1 - 100% - 60% - 0:01
2 - 0% - 40% - 0:00
PK3 Forward
1 - 0% - 60%
2 - 0% - 40%
PK3 Defense
1 - 0% - 60%
2 - 0% - 40%
44 Forward
1 - 75% - 60% - 3:30
2 - 25% - 40% - 1:11
44 Defense
1 - 64% - 60% - 3:00
2 - 36% - 40% - 1:41
Last Minute Offensive - 0:00
Last Minute Defensive - 0:00
Total
Forward - 64:41
Defense - 64:41
|
% Time on Ice - Rafales
Lines # - Real PCT - Wanted PCT - Time Play
Normal Forward
1 - 33% - 40% - 17:23
2 - 26% - 30% - 13:32
3 - 24% - 20% - 12:50
4 - 17% - 10% - 9:08
Normal Defense
1 - 38% - 40% - 19:54
2 - 31% - 30% - 16:13
3 - 25% - 20% - 12:59
4 - 7% - 10% - 3:47
PP Forward
1 - 0% - 60% - 0:00
2 - 100% - 40% - 0:01
PP Defense
1 - 100% - 60% - 0:01
2 - 0% - 40% - 0:00
PK Forward
1 - 77% - 60% - 5:29
2 - 23% - 40% - 1:37
PK Defense
1 - 71% - 60% - 5:04
2 - 29% - 40% - 2:02
PK3 Forward
1 - 0% - 60%
2 - 0% - 40%
PK3 Defense
1 - 0% - 60%
2 - 0% - 40%
44 Forward
1 - 100% - 60% - 4:41
2 - 0% - 40% - 0:00
44 Defense
1 - 50% - 60% - 2:21
2 - 50% - 40% - 2:20
Last Minute Offensive - 0:00
Last Minute Defensive - 0:00
Total
Forward - 64:41
Defense - 64:41
|
Play by Play
1st period
0:01 of 1st period - Randy Robitaille wins face-off versus Kevin Veilleux in neutral zone.
0:31 of 1st period - Slapshot by Dmitry Kulikov.
0:31 of 1st period - Shot Blocked by Andy Greene.
1:15 of 1st period - Snap shot by Cody McLeod.
1:15 of 1st period - Stopped by Richard Bachman without a rebound.
1:16 of 1st period - Kevin Veilleux wins face-off versus Kyle Clifford in Monarchs zone.
1:41 of 1st period - Mason Raymond is hit by Marc-André Gragnani and loses puck.
1:52 of 1st period - Snap shot by Mike Sislo.
1:52 of 1st period - Shot Misses the Net.
1:54 of 1st period - Snap shot by Mike Sislo.
1:54 of 1st period - Stopped by Richard Bachman with a rebound.
2:26 of 1st period - Wrist shot by Randy Robitaille.
2:26 of 1st period - Stopped by Eddie Lack with a rebound.
2:28 of 1st period - Backhand shot by John Zeiler.
2:28 of 1st period - Stopped by Eddie Lack with a rebound.
2:30 of 1st period - Wrist shot by Andy Greene.
2:30 of 1st period - Deflect By Ryan Ellis.
2:30 of 1st period - Stopped by Eddie Lack with a rebound.
2:32 of 1st period - Snap shot by John Zeiler.
2:32 of 1st period - Shot Misses the Net.
3:02 of 1st period - Willie Mitchell is hit by Jay Beagle and loses puck.
4:03 of 1st period - Snap shot by Jonathan Rheault.
4:03 of 1st period - Shot Blocked by Andrej Meszaros.
4:05 of 1st period - Slapshot by Jonathan Rheault.
4:05 of 1st period - Stopped by Richard Bachman without a rebound.
4:06 of 1st period - Mikael Backlund wins face-off versus Kevin Veilleux in Monarchs zone.
4:17 of 1st period - Jonas Junland is hit by Mikael Backlund and loses puck.
4:33 of 1st period - Wrist shot by Cody McLeod.
4:33 of 1st period - Shot Misses the Net.
4:35 of 1st period - Slapshot by Matt Gilroy.
4:35 of 1st period - Stopped by Richard Bachman with a rebound.
4:45 of 1st period - Wrist shot by Cody McLeod.
4:45 of 1st period - Shot Misses the Net.
4:50 of 1st period - Minor Penalty to John Zeiler for Holding.
4:51 of 1st period - Dan Fritsche wins face-off versus Chris Dingman in Monarchs zone.
4:51 of 1st period - Slapshot by Dmitry Kulikov.
4:51 of 1st period - Deflect By Randy Robitaille.
4:51 of 1st period - Goal by Dmitry Kulikov - Monarchs : 0 - Rafales : 1.
4:52 of 1st period - John Zeiler wins face-off versus Mike Sislo in neutral zone.
5:39 of 1st period - Andrej Meszaros is hit by Johan Ryno and loses puck.
6:52 of 1st period - Slapshot by Mike Zigomanis.
6:52 of 1st period - Deflect By Milan Bartovic.
6:52 of 1st period - Shot Blocked by Theo Peckham.
6:52 of 1st period - Puck is out of play.
6:53 of 1st period - Randy Robitaille wins face-off versus Kevin Veilleux in Monarchs zone.
7:00 of 1st period - Wrist shot by Randy Robitaille.
7:00 of 1st period - Deflect By Kyle Clifford.
7:00 of 1st period - Shot Blocked by Cody McLeod.
7:00 of 1st period - Puck is out of play.
7:01 of 1st period - Randy Robitaille wins face-off versus Kevin Veilleux in Rafales zone.
7:07 of 1st period - Minor Penalty to Matt Gilroy for Holding Stick.
7:08 of 1st period - Mike Zigomanis wins face-off versus Randy Robitaille in Rafales zone.
7:41 of 1st period - Icing by Alec Martinez.
7:42 of 1st period - Cody McLeod wins face-off versus Mikael Backlund in Monarchs zone.
7:45 of 1st period - Snap shot by Cody McLeod.
7:45 of 1st period - Goal by Cody McLeod - Monarchs : 0 - Rafales : 2.
7:46 of 1st period - Randy Robitaille wins face-off versus Mike Zigomanis in neutral zone.
7:53 of 1st period - Slapshot by Kyle Clifford.
7:53 of 1st period - Shot Misses the Net.
8:11 of 1st period - Mike Zigomanis is hit by Mikael Backlund and loses puck.
8:16 of 1st period - Snap shot by Mason Raymond.
8:16 of 1st period - Goal by Mason Raymond - Monarchs : 1 - Rafales : 2.
8:17 of 1st period - Dan Fritsche wins face-off versus Randy Robitaille in neutral zone.
8:43 of 1st period - Dmitry Kulikov is hit by Theo Peckham and loses puck.
9:08 of 1st period - Willie Mitchell is hit by Kyle Palmieri and loses puck.
9:26 of 1st period - Off-side.
9:27 of 1st period - Marek Zagrapan wins face-off versus Petr Kalus in neutral zone.
9:34 of 1st period - Snap shot by Chris Dingman.
9:34 of 1st period - Stopped by Eddie Lack with a rebound.
9:36 of 1st period - Slapshot by Paul Bissonnette.
9:36 of 1st period - Shot Misses the Net.
9:50 of 1st period - Jon Merrill is hit by Mike Sislo and loses puck.
10:00 of 1st period - Minor Penalty to Mike Sislo for Holding.
10:01 of 1st period - Mike Zigomanis wins face-off versus Randy Robitaille in Rafales zone.
10:24 of 1st period - Icing by Randy Robitaille.
10:25 of 1st period - Mikael Backlund wins face-off versus Cody McLeod in Monarchs zone.
12:00 of 1st period - Penalty to Mike Sislo is over, Mike Sislo is back on ice.
12:13 of 1st period - Petr Kalus is hit by Paul Bissonnette and loses puck.
13:02 of 1st period - Petr Kalus is hit by Marek Zagrapan and loses puck.
13:19 of 1st period - Wrist shot by Kyle Palmieri.
13:19 of 1st period - Shot Blocked by Mike Sislo.
13:21 of 1st period - Snap shot by Kyle Palmieri.
13:21 of 1st period - Shot Misses the Net.
13:23 of 1st period - Slapshot by Andy Greene.
13:23 of 1st period - Shot Misses the Net.
13:48 of 1st period - Off-side.
13:49 of 1st period - Mikael Backlund wins face-off versus Kevin Veilleux in neutral zone.
14:36 of 1st period - Wrist shot by Johan Ryno.
14:36 of 1st period - Shot Blocked by Randy Robitaille.
14:38 of 1st period - Slapshot by Dmitry Kulikov.
14:38 of 1st period - Stopped by Richard Bachman with a rebound.
14:48 of 1st period - Snap shot by Kyle Palmieri.
14:48 of 1st period - Goal by Kyle Palmieri - Monarchs : 2 - Rafales : 2.
14:49 of 1st period - Kevin Veilleux wins face-off versus Randy Robitaille in neutral zone.
16:34 of 1st period - Dmitry Kulikov is hit by Marek Zagrapan and loses puck.
17:01 of 1st period - Zac Rinaldo is hit by Milan Bartovic and loses puck.
17:11 of 1st period - Icing by Mike Zigomanis.
17:12 of 1st period - Randy Robitaille wins face-off versus Mike Zigomanis in Rafales zone.
17:13 of 1st period - Snap shot by Kyle Clifford.
17:13 of 1st period - Stopped by Eddie Lack with a rebound.
17:37 of 1st period - Snap shot by Mike Zigomanis.
17:37 of 1st period - Shot Blocked by Kyle Clifford.
17:59 of 1st period - Snap shot by Milan Bartovic.
17:59 of 1st period - Stopped by Richard Bachman with a rebound.
18:11 of 1st period - Snap shot by Milan Bartovic.
18:11 of 1st period - Stopped by Richard Bachman without a rebound.
18:12 of 1st period - Jonathan Rheault wins face-off versus Mikael Backlund in Monarchs zone.
18:15 of 1st period - Slapshot by Cody McLeod.
18:15 of 1st period - Shot Blocked by Mikael Backlund.
18:17 of 1st period - Snap shot by Cody McLeod.
18:17 of 1st period - Stopped by Richard Bachman without a rebound.
18:18 of 1st period - Mason Raymond wins face-off versus Kevin Veilleux in Monarchs zone.
18:33 of 1st period - Wrist shot by Mason Raymond.
18:33 of 1st period - Stopped by Eddie Lack with a rebound.
18:55 of 1st period - Slapshot by Dan Fritsche.
18:55 of 1st period - Shot Blocked by Andy Greene.
19:23 of 1st period - Wrist shot by Mikael Backlund.
19:23 of 1st period - Shot Misses the Net.
Goals for this period are 2 for Monarchs vs 2 for Rafales.
Shots for this period are 8 for Monarchs vs 10 for Rafales.
2nd period
0:01 of 2nd period - Jonathan Rheault wins face-off versus Randy Robitaille in neutral zone.
1:31 of 2nd period - Alec Martinez is hit by Cody McLeod and loses puck.
2:37 of 2nd period - Slapshot by Johan Ryno.
2:37 of 2nd period - Shot Misses the Net.
2:39 of 2nd period - Snap shot by Johan Ryno.
2:39 of 2nd period - Shot Blocked by John Zeiler.
2:55 of 2nd period - Snap shot by Mike Zigomanis.
2:55 of 2nd period - Stopped by Richard Bachman with a rebound.
2:57 of 2nd period - Wrist shot by Mike Zigomanis.
2:57 of 2nd period - Stopped by Richard Bachman with a rebound.
3:39 of 2nd period - Wrist shot by Kyle Palmieri.
3:39 of 2nd period - Stopped by Eddie Lack with a rebound.
3:41 of 2nd period - Slapshot by Kyle Palmieri.
3:41 of 2nd period - Shot Hit the Post.
3:59 of 2nd period - Icing by Mikael Backlund.
4:00 of 2nd period - Mikael Backlund wins face-off versus Dan Fritsche in Monarchs zone.
4:06 of 2nd period - Icing by Matt Tennyson.
4:07 of 2nd period - Dan Fritsche wins face-off versus Mikael Backlund in Monarchs zone.
4:10 of 2nd period - Wrist shot by Tim Crowder.
4:10 of 2nd period - Shot Misses the Net.
4:17 of 2nd period - Off-side.
4:18 of 2nd period - Kevin Veilleux wins face-off versus Randy Robitaille in neutral zone.
4:21 of 2nd period - Snap shot by Matt Gilroy.
4:21 of 2nd period - Shot Blocked by Andy Greene.
4:42 of 2nd period - Icing by Mike Sislo.
4:43 of 2nd period - Dan Fritsche wins face-off versus Mikael Backlund in Rafales zone.
4:52 of 2nd period - Matt Gilroy is hit by Theo Peckham and loses puck.
5:09 of 2nd period - Kevin Veilleux is hit by Randy Robitaille and loses puck.
5:36 of 2nd period - Wrist shot by Mike Zigomanis.
5:36 of 2nd period - Stopped by Richard Bachman with a rebound.
5:40 of 2nd period - Wrist shot by Mike Zigomanis.
5:40 of 2nd period - Shot Misses the Net.
5:52 of 2nd period - Slapshot by Chris Dingman.
5:52 of 2nd period - Stopped by Eddie Lack with a rebound.
6:17 of 2nd period - Wrist shot by Mike Sislo.
6:17 of 2nd period - Stopped by Richard Bachman with a rebound.
6:30 of 2nd period - Minor Penalty to Mike Sislo for Tripping.
6:31 of 2nd period - Mike Zigomanis wins face-off versus Randy Robitaille in Rafales zone.
6:47 of 2nd period - Wrist shot by Kyle Clifford.
6:47 of 2nd period - Stopped by Eddie Lack without a rebound.
6:48 of 2nd period - Mikael Backlund wins face-off versus Mike Zigomanis in Rafales zone.
6:59 of 2nd period - Wrist shot by Mikael Backlund.
6:59 of 2nd period - Shot Misses the Net.
8:30 of 2nd period - Penalty to Mike Sislo is over, Mike Sislo is back on ice.
10:28 of 2nd period - Marc-André Gragnani is hit by John Zeiler.
10:32 of 2nd period - Andrej Meszaros is hit by Petr Kalus and loses puck.
11:13 of 2nd period - Matt Tennyson is hit by Cody McLeod.
11:40 of 2nd period - Milan Bartovic is hit by Chris Dingman and loses puck.
11:51 of 2nd period - Jay Beagle is hit by Jonathan Rheault and loses puck.
12:33 of 2nd period - Paul Bissonnette is hit by Matt Gilroy and loses puck.
12:52 of 2nd period - Kyle Palmieri is hit by Mike Sislo and loses puck.
12:56 of 2nd period - Icing by Kyle Palmieri.
12:57 of 2nd period - Zac Rinaldo wins face-off versus Dan Fritsche in Monarchs zone.
12:57 of 2nd period - Zac Rinaldo is hit by Matt Gilroy.
13:27 of 2nd period - Slapshot by Matt Gilroy.
13:27 of 2nd period - Stopped by Richard Bachman with a rebound.
13:29 of 2nd period - Slapshot by Matt Gilroy.
13:29 of 2nd period - Shot Misses the Net.
14:04 of 2nd period - Slapshot by Andrej Meszaros.
14:04 of 2nd period - Shot Blocked by Dmitry Kulikov.
14:06 of 2nd period - Wrist shot by Paul Bissonnette.
14:06 of 2nd period - Deflect By Chris Dingman.
14:06 of 2nd period - Stopped by Eddie Lack with a rebound.
14:58 of 2nd period - Mason Raymond is hit by Cody McLeod and loses puck.
15:07 of 2nd period - Snap shot by Ryan Ellis.
15:07 of 2nd period - Shot Blocked by Mason Raymond.
15:09 of 2nd period - Wrist shot by Cody McLeod.
15:09 of 2nd period - Shot Misses the Net.
15:19 of 2nd period - Marek Zagrapan is hit by Matt Gilroy and loses puck.
15:24 of 2nd period - Wrist shot by Petr Kalus.
15:24 of 2nd period - Deflect By Paul Bissonnette.
15:24 of 2nd period - Shot Blocked by Matt Tennyson.
15:24 of 2nd period - Puck is out of play.
15:25 of 2nd period - Dan Fritsche wins face-off versus Randy Robitaille in Monarchs zone.
15:55 of 2nd period - Wrist shot by Jonathan Rheault.
15:55 of 2nd period - Shot Misses the Net.
15:57 of 2nd period - Backhand shot by Jonas Junland.
15:57 of 2nd period - Stopped by Richard Bachman without a rebound.
15:58 of 2nd period - Kevin Veilleux wins face-off versus Mikael Backlund in Monarchs zone.
16:01 of 2nd period - Wrist shot by Cody McLeod.
16:01 of 2nd period - Deflect By Jonathan Rheault.
16:01 of 2nd period - Shot Misses the Net.
16:01 of 2nd period - Puck is out of play.
16:02 of 2nd period - Kevin Veilleux wins face-off versus Mikael Backlund in Monarchs zone.
16:07 of 2nd period - Backhand shot by Cody McLeod.
16:07 of 2nd period - Shot Misses the Net.
16:15 of 2nd period - Snap shot by Mason Raymond.
16:15 of 2nd period - Shot Misses the Net.
16:17 of 2nd period - Wrist shot by Mason Raymond.
16:17 of 2nd period - Deflect By Mikael Backlund.
16:17 of 2nd period - Stopped by Eddie Lack with a rebound.
16:51 of 2nd period - Slapshot by Willie Mitchell.
16:51 of 2nd period - Stopped by Richard Bachman with a rebound.
18:02 of 2nd period - Jay Beagle is hit by Jeff Skinner.
18:06 of 2nd period - Slapshot by Andrej Meszaros.
18:06 of 2nd period - Shot Misses the Net.
18:30 of 2nd period - Snap shot by Johan Ryno.
18:30 of 2nd period - Shot Misses the Net.
18:32 of 2nd period - Snap shot by Johan Ryno.
18:32 of 2nd period - Stopped by Richard Bachman without a rebound.
18:33 of 2nd period - Kevin Veilleux wins face-off versus John Zeiler in Monarchs zone.
18:46 of 2nd period - Slapshot by Cody McLeod.
18:46 of 2nd period - Stopped by Richard Bachman without a rebound.
18:47 of 2nd period - Kevin Veilleux wins face-off versus Randy Robitaille in Monarchs zone.
18:54 of 2nd period - Slapshot by Andy Greene.
18:54 of 2nd period - Shot Blocked by Cody McLeod.
19:00 of 2nd period - Snap shot by Randy Robitaille.
19:00 of 2nd period - Goal by Randy Robitaille - Monarchs : 3 - Rafales : 2.
19:01 of 2nd period - Kevin Veilleux wins face-off versus Randy Robitaille in neutral zone.
19:10 of 2nd period - Snap shot by Jonathan Rheault.
19:10 of 2nd period - Shot Blocked by Andrej Meszaros.
19:14 of 2nd period - Slapshot by Kevin Veilleux.
19:14 of 2nd period - Deflect By Cody McLeod.
19:14 of 2nd period - Stopped by Richard Bachman with a rebound.
19:16 of 2nd period - Snap shot by Kevin Veilleux.
19:16 of 2nd period - Shot Misses the Net.
19:34 of 2nd period - Snap shot by Dan Fritsche.
19:34 of 2nd period - Shot Blocked by Mikael Backlund.
19:36 of 2nd period - Slapshot by Matt Gilroy.
19:36 of 2nd period - Stopped by Richard Bachman with a rebound.
Goals for this period are 1 for Monarchs vs 0 for Rafales.
Shots for this period are 6 for Monarchs vs 11 for Rafales.
3rd period
0:01 of 3rd period - Randy Robitaille wins face-off versus Kevin Veilleux in neutral zone.
0:26 of 3rd period - Kyle Clifford is hit by Willie Mitchell and loses puck.
0:51 of 3rd period - Snap shot by Mikael Backlund.
0:51 of 3rd period - Shot Blocked by Tim Crowder.
1:13 of 3rd period - Snap shot by Chris Dingman.
1:13 of 3rd period - Shot Misses the Net.
1:35 of 3rd period - Wrist shot by Chris Dingman.
1:35 of 3rd period - Shot Misses the Net.
1:42 of 3rd period - Icing by Cody McLeod.
1:43 of 3rd period - Mikael Backlund wins face-off versus Mike Zigomanis in Rafales zone.
1:48 of 3rd period - Slapshot by Jay Beagle.
1:48 of 3rd period - Stopped by Eddie Lack with a rebound.
1:50 of 3rd period - Wrist shot by Jay Beagle.
1:50 of 3rd period - Stopped by Eddie Lack with a rebound.
1:52 of 3rd period - Snap shot by Jay Beagle.
1:52 of 3rd period - Stopped by Eddie Lack with a rebound.
1:54 of 3rd period - Snap shot by Mikael Backlund.
1:54 of 3rd period - Shot Misses the Net.
1:56 of 3rd period - Slapshot by Theo Peckham.
1:56 of 3rd period - Deflect By Marc-André Gragnani.
1:56 of 3rd period - Stopped by Eddie Lack without a rebound.
1:57 of 3rd period - Cody McLeod wins face-off versus Randy Robitaille in Rafales zone.
2:22 of 3rd period - Mikael Backlund is hit by Willie Mitchell and loses puck.
2:49 of 3rd period - Snap shot by Mike Zigomanis.
2:49 of 3rd period - Shot Misses the Net.
3:57 of 3rd period - Snap shot by Kyle Palmieri.
3:57 of 3rd period - Deflect By Chris Dingman.
3:57 of 3rd period - Stopped by Eddie Lack without a rebound.
3:58 of 3rd period - Zac Rinaldo wins face-off versus Mike Zigomanis in Rafales zone.
4:20 of 3rd period - Snap shot by Kyle Clifford.
4:20 of 3rd period - Stopped by Eddie Lack without a rebound.
4:21 of 3rd period - Randy Robitaille wins face-off versus Jonathan Rheault in Rafales zone.
4:22 of 3rd period - Wrist shot by John Zeiler.
4:22 of 3rd period - Shot Blocked by Matt Gilroy.
4:24 of 3rd period - Slapshot by Randy Robitaille.
4:24 of 3rd period - Shot Blocked by Ryan Ellis.
4:26 of 3rd period - Snap shot by Matt Tennyson.
4:26 of 3rd period - Shot Blocked by Cody McLeod.
4:32 of 3rd period - Wrist shot by Randy Robitaille.
4:32 of 3rd period - Shot Misses the Net.
4:36 of 3rd period - Slapshot by Randy Robitaille.
4:36 of 3rd period - Shot Misses the Net.
4:46 of 3rd period - Jon Merrill is hit by Tim Crowder and loses puck.
5:13 of 3rd period - Snap shot by Chris Dingman.
5:13 of 3rd period - Shot Misses the Net.
5:15 of 3rd period - Snap shot by Kyle Palmieri.
5:15 of 3rd period - Stopped by Eddie Lack with a rebound.
5:17 of 3rd period - Snap shot by Zac Rinaldo.
5:17 of 3rd period - Stopped by Eddie Lack with a rebound.
5:19 of 3rd period - Wrist shot by Chris Dingman.
5:19 of 3rd period - Shot Misses the Net.
5:25 of 3rd period - Minor Penalty to Jeff Skinner for Holding.
5:26 of 3rd period - Mike Zigomanis wins face-off versus Randy Robitaille in Rafales zone.
5:35 of 3rd period - Snap shot by Randy Robitaille.
5:35 of 3rd period - Stopped by Eddie Lack without a rebound.
5:36 of 3rd period - Randy Robitaille wins face-off versus Mike Zigomanis in Rafales zone.
5:47 of 3rd period - Wrist shot by Randy Robitaille.
5:47 of 3rd period - Shot Misses the Net.
5:49 of 3rd period - Snap shot by Kyle Clifford.
5:49 of 3rd period - Deflect By Randy Robitaille.
5:49 of 3rd period - Shot Misses the Net.
5:49 of 3rd period - Puck is out of play.
5:50 of 3rd period - Mike Zigomanis wins face-off versus Randy Robitaille in Rafales zone.
6:03 of 3rd period - Slapshot by Andrej Meszaros.
6:03 of 3rd period - Shot Blocked by Mike Zigomanis.
6:50 of 3rd period - Theo Peckham is hit by Matt Gilroy and loses puck.
7:25 of 3rd period - Penalty to Jeff Skinner is over, Jeff Skinner is back on ice.
7:35 of 3rd period - Snap shot by Michael Bournival.
7:35 of 3rd period - Shot Misses the Net.
7:41 of 3rd period - Jonas Junland is hit by Marek Zagrapan and loses puck.
8:02 of 3rd period - Mason Raymond is hit by Dan Fritsche and loses puck.
10:32 of 3rd period - Slapshot by Ryan Ellis.
10:32 of 3rd period - Shot Misses the Net.
10:34 of 3rd period - Slapshot by Ryan Ellis.
10:34 of 3rd period - Stopped by Richard Bachman with a rebound.
10:36 of 3rd period - Snap shot by Mike Sislo.
10:36 of 3rd period - Deflect By Dan Fritsche.
10:36 of 3rd period - Stopped by Richard Bachman without a rebound.
10:37 of 3rd period - Marek Zagrapan wins face-off versus Dan Fritsche in Monarchs zone.
11:22 of 3rd period - Alec Martinez is hit by Michael Bournival and loses puck.
11:43 of 3rd period - Matt Gilroy is hit by Mikael Backlund and loses puck.
12:22 of 3rd period - Milan Bartovic is hit by Randy Robitaille and loses puck.
12:34 of 3rd period - Milan Bartovic is hit by Randy Robitaille and loses puck.
12:41 of 3rd period - Randy Robitaille is hit by Jeff Skinner.
12:53 of 3rd period - Slapshot by Johan Ryno.
12:53 of 3rd period - Stopped by Richard Bachman with a rebound.
12:55 of 3rd period - Wrist shot by Johan Ryno.
12:55 of 3rd period - Stopped by Richard Bachman with a rebound.
12:57 of 3rd period - Snap shot by Michael Bournival.
12:57 of 3rd period - Shot Blocked by Matt Tennyson.
12:59 of 3rd period - Slapshot by Dmitry Kulikov.
12:59 of 3rd period - Shot Blocked by Jon Merrill.
13:01 of 3rd period - Snap shot by Johan Ryno.
13:01 of 3rd period - Deflect By Petr Kalus.
13:01 of 3rd period - Stopped by Richard Bachman without a rebound.
13:02 of 3rd period - Randy Robitaille wins face-off versus Kevin Veilleux in Monarchs zone.
13:59 of 3rd period - Wrist shot by Milan Bartovic.
13:59 of 3rd period - Shot Misses the Net.
14:05 of 3rd period - Snap shot by Milan Bartovic.
14:05 of 3rd period - Stopped by Richard Bachman without a rebound.
14:06 of 3rd period - Kevin Veilleux wins face-off versus Randy Robitaille in Monarchs zone.
14:11 of 3rd period - Snap shot by Cody McLeod.
14:11 of 3rd period - Shot Misses the Net.
14:19 of 3rd period - Slapshot by Alec Martinez.
14:19 of 3rd period - Stopped by Eddie Lack without a rebound.
14:20 of 3rd period - Randy Robitaille wins face-off versus Kevin Veilleux in Rafales zone.
15:32 of 3rd period - Snap shot by Ryan Ellis.
15:32 of 3rd period - Deflect By Randy Robitaille.
15:32 of 3rd period - Goal by Ryan Ellis - Monarchs : 3 - Rafales : 3.
15:33 of 3rd period - Kevin Veilleux wins face-off versus Zac Rinaldo in neutral zone.
15:37 of 3rd period - Off-side.
15:38 of 3rd period - Kevin Veilleux wins face-off versus Zac Rinaldo in neutral zone.
15:38 of 3rd period - Kevin Veilleux is hit by Chris Dingman.
16:43 of 3rd period - Alec Martinez is hit by Jonathan Rheault and loses puck.
17:39 of 3rd period - Slapshot by Dmitry Kulikov.
17:39 of 3rd period - Shot Blocked by Andy Greene.
18:17 of 3rd period - Snap shot by Dan Fritsche.
18:17 of 3rd period - Shot Misses the Net.
18:57 of 3rd period - Kevin Veilleux is hit by Zac Rinaldo.
Goals for this period are 0 for Monarchs vs 1 for Rafales.
Shots for this period are 10 for Monarchs vs 7 for Rafales.
Overtime #1
0:01 of 1st overtime period - Mike Zigomanis wins face-off versus Chris Dingman in neutral zone.
2:07 of 1st overtime period - Dan Fritsche is hit by Theo Peckham and loses puck.
3:25 of 1st overtime period - Snap shot by Alec Martinez.
3:25 of 1st overtime period - Deflect By Zac Rinaldo.
3:25 of 1st overtime period - Shot Misses the Net.
3:25 of 1st overtime period - Puck is out of play.
3:26 of 1st overtime period - Michael Bournival wins face-off versus Zac Rinaldo in Rafales zone.
4:41 of 1st overtime period - Slapshot by Alec Martinez.
4:41 of 1st overtime period - Goal by Alec Martinez - Monarchs : 4 - Rafales : 3.
Goals for this period are 1 for Monarchs vs 0 for Rafales.
Shots for this period are 1 for Monarchs vs 0 for Rafales.
Output by the SimonT Hockey Simulator (STHS) for François Prévost -- Original Page W3C XHTML 1.0 Valid